 Dungeon Crawl Stone Soup version 0.29-a0-998-g1987434951 (webtiles) character file.

Game seed: 1503547349308105867

26040 CannotBeFrozen the Grappler (level 12, -1/106 HPs)
             Began as a Demigod Transmuter on Aug 3, 2022.
             Slain by a yak (8 damage)
             ... on level 3 of the Lair of Beasts on Aug 5, 2022.
             The game lasted 00:55:23 (16084 turns).

CannotBeFrozen the Grappler (Demigod Transmuter)   Turns: 16084, Time: 00:55:23

Health: -1/106     AC: 12    Str: 21    XL:     12   Next: 58%
Magic:  22/23      EV: 20    Int: 28    God:
Gold:   811        SH:  0    Dex: 16    Spells: 14/21 levels left

rFire   + . .      SeeInvis .     - Unarmed
rCold   + . .      Faith    .   (no shield)
rNeg    . . .      Spirit   .   J - +0 acid dragon scales
rPois   .          Reflect  .   M - +0 helmet
rElec   .          Harm     .   v - scarf {rC+ rF+}
rCorr   +          Rampage  .   I - +2 pair of gloves "Wieredi" {Str+2 Int+3}
Will    +....      Clarity  +   L - +0 pair of boots
Stlth   +.........              f - amulet of regeneration
HPRegen 1.07/turn               q - +4 ring of evasion
MPRegen 0.18/turn               p - +6 ring of intelligence

@: wereblooded
A: high MP 1, forlorn, divine attributes, clarity, clumsy 1
a: no special abilities


You were on level 3 of the Lair of Beasts.
You visited 2 branches of the dungeon, and saw 13 of its levels.
You also visited: Ossuary.

You collected 811 gold pieces.

Inventory:

Hand Weapons
 b - the +7 rapier of Floral Action {vorpal, rF- rN+ Str+8}
   (You found it on level 6 of the Dungeon)

   It inflicts extra damage upon your enemies.
   Str:       It affects your strength (+8).
   rF:        It makes you vulnerable to fire.
   rN:        It protects you from negative energy.
 r - a +1 long sword of flaming
 s - a +1 rapier of electrocution
Missiles
 d - 47 poisoned darts (quivered)
 g - 4 curare-tipped darts {=f=F}
 B - a boomerang
 D - a throwing net {=f=F}
 P - 3 atropa-tipped darts {=f=F}
Armour
 v - a scarf of resistance (worn)
 G - a scarf of invisibility
 I - the +2 pair of gloves "Wieredi" (worn) {Str+2 Int+3}
   (You found it on level 10 of the Dungeon)

   Str:       It affects your strength (+2).
   Int:       It affects your intelligence (+3).
 J - +0 acid dragon scales (worn)
 L - a +0 pair of boots (worn)
 M - a +0 helmet (worn)
Jewellery
 f - an amulet of regeneration (around neck)
 p - a +6 ring of intelligence (right hand)
 q - a +4 ring of evasion (left hand)
Wands
 h - a wand of flame (24)
 m - a wand of iceblast (24)
 t - a wand of digging (6)
 z - a wand of quicksilver (12)
 A - a wand of polymorph (9)
Scrolls
 a - 3 scrolls of enchant weapon
 i - a scroll of enchant armour
 o - 3 scrolls of magic mapping
 w - 3 scrolls of butterflies
 y - a scroll of amnesia
 C - 3 scrolls of vulnerability
 E - a scroll of identify {@r1}
 F - 2 scrolls of teleportation {@r2}
 K - a scroll of acquirement
 R - a scroll of immolation
Potions
 c - 8 potions of curing {@q1}
 e - 2 potions of brilliance
 j - 4 potions of attraction
 k - 2 potions of lignification
 l - 2 potions of cancellation
 n - 2 potions of haste
 u - 2 potions of magic
 x - 3 potions of flight
 H - a potion of might
 N - a potion of invisibility
 O - a potion of berserk rage


   Skills:
 + Level 9.8 Fighting
 - Level 3.0 Armour
 + Level 8.4 Dodging
 + Level 10.3 Unarmed Combat
 - Level 5.0 Spellcasting
 - Level 10.0 Transmutations
 - Level 3.0 Ice Magic
 - Level 4.0 Evocations


You had 14 spell levels left.
You knew the following spells:

 Your Spells              Type           Power      Damage    Failure   Level
a - Beastly Appendage     Tmut           100%       N/A       1%          1
i - Ice Form              Ice/Tmut       43%        N/A       6%          4
w - Wereblood             Tmut           58%        N/A       1%          2

Your spell library contained the following spells:

 Spells                   Type           Power      Damage    Failure   Level
 Spider Form              Tmut/Pois      35%        N/A       3%          3
 Shock                    Conj/Air       28%        1d4       9%          1
 Slow                     Hex            28%        N/A       9%          1
 Call Imp                 Summ           7%         N/A       13%         2
 Scorch                   Fire           14%        2d6       13%         2
 Call Canine Familiar     Summ           7%         N/A       26%         3
 Confusing Touch          Hex            7%         N/A       26%         3
 Mephitic Cloud           Conj/Pois/Air  7%         N/A       26%         3
 Portal Projectile        Hex/Tloc       14%        N/A       26%         3
 Stone Arrow              Conj/Erth      14%        3d7       26%         3
 Summon Guardian Golem    Hex/Summ       7%         N/A       26%         3
 Swiftness                Air            7%         N/A       26%         3
 Vampiric Draining        Necr           7%         2d6       26%         3
 Airstrike                Air            3%         2d(1-17)  63%         4
 Animate Armour           Summ/Erth      14%        N/A       63%         4
 Flame Wave               Conj/Fire      7%         2d5       63%         4
 Leda's Liquefaction      Hex/Erth       3%         N/A       63%         4
 Freezing Cloud           Conj/Ice/Air   6%         6-21      83%         5
 Summon Forest            Summ/Tloc      3%         N/A       93%         5
 Simulacrum               Ice/Necr       7%         N/A       100%        6
 Summon Cactus Giant      Summ           3%         N/A       100%        6
 Haunt                    Necr/Summ      3%         N/A       100%        7
 Orb of Destruction       Conj           3%         9d5       100%        7
 Spellforged Servitor     Conj/Summ      3%         N/A       100%        7
 Lehudib's Crystal Spear  Conj/Erth      3%         10d3      100%        8
 Polar Vortex             Ice            11%        N/A       100%        9


Dungeon Overview and Level Annotations

Branches:
Dungeon (10/15)            Temple (0/1) D:5            Lair (3/5) D:9
  Swamp (0/4) Lair:3       Spider (0/4) Lair:2          Orc (0/2) D:9
Ossuary (visited)

Shops:
D:10 =

Annotations:
D:9 2 transporters, nmsoi's ghost, journeyman GnWn
Lair:3 exclusion: hydra


Innate Abilities, Weirdness & Mutations

You have an increased reservoir of magic. (+10% MP)
You shall have no god before yourself.
Your divine heritage dramatically boosts your attributes as you level up.
You possess an exceptional clarity of mind.
You are clumsy. (Dex -2)


Message History

The yak closely misses you.
MP: 21/23 (-2)
You pummel the yak!! You freeze the yak!
The yak is almost dead.
You hit the yak but do no damage.
The yak is almost dead.
The yak completely misses you.
You hit the yak. You freeze the yak.
You feel a bit better.
You kill the yak!
You howl as the wereblood boils in your veins!
You hit the death yak. You freeze the death yak.
The death yak is lightly wounded.
The death yak gores you.
* * * LOW HITPOINT WARNING * * *
You hit the death yak. You freeze the death yak.
The death yak is lightly wounded.
The death yak gores you!
* * * LOW HITPOINT WARNING * * *
HP: 21/127 (-12) =----------- You pummel the death yak!!
You freeze the death yak!
The death yak is heavily wounded.
You howl as the wereblood boils in your veins!
The death yak gores you!
* * * LOW HITPOINT WARNING * * *
HP: 5/127 (-16) ------------ !
You pummel the death yak!! You freeze the death yak.
The death yak is almost dead.
You hit the death yak. You freeze the death yak.
You feel a bit better.
You kill the death yak!
You punch the yak! You freeze the yak.
The yak is moderately wounded.
You warm up again.
Your scarf of resistance unmelds from your body.
Your +0 helmet unmelds from your body.
The +2 pair of gloves "Wieredi" {Str+2 Int+3} unmelds from your body.
Your +0 pair of boots unmelds from your body.
Your +0 acid dragon scales unmelds from your body.
You feel resistant to extremes of temperature.
The yak gores you!
You die...

### ## ###.## ##### ########
##.#####....##########.#.###.#P#..#
..§§............Y@...†.............
Y§§§§...........###..##............
Y§§............###.#####Y......##
<§§.............#######.#.......#
...............#.###..#.#.......#
...............................##
.....##.##P..###...#...#.#.P#P.##
.....### ##.###................P#
.P#..# ### ##...#..###.#....##


You could see a yak.

Vanquished Creatures
  Erolcha (D:9)
  A hydra (Lair:3)
  A centaur warrior (D:10)
  A two-headed ogre (D:9)
  6 death yaks
  10 elephants
  3 black mambas
  Joseph (D:7)
  Maggie (D:6)
  6 cane toads
  Psyche (D:9)
  5 komodo dragons
  2 trolls (D:9)
  2 dream sheep (Lair:2)
  Prince Ribbit (D:5)
  4 blink frogs (Lair:3)
  A jumping spider (Lair:2)
  Sigmund (D:5)
  3 wyverns
  22 yaks
  A basilisk (Lair:3)
  2 steam dragons
  Edmund (D:4)
  An acid dragon (D:9)
  10 water moccasins
  8 orc warriors
  A black bear (Lair:1)
  2 sky beasts
  An ice beast (D:5)
  An ogre (D:7)
  6 wolves (Lair:2)
  A centaur (D:7)
  An elf zombie (Ossuary)
  2 kobold brigands
  11 bullfrogs
  3 scorpions
  A gnoll sergeant (D:7)
  10 wights
  11 killer bees
  2 howler monkeys (D:9)
  An electric eel (Lair:2)
  2 centaur zombies (Ossuary)
  4 hounds
  A jelly (D:6)
  2 gnoll boudas
  9 orc priests
  2 human zombies (Ossuary)
  Jessica (D:2)
  Terence (D:3)
  4 iguanas
  9 orc wizards
  2 mummies (Ossuary)
  10 gnolls
  9 adders
  2 white imps (D:5)
  An ufetubus (D:5)
  An adder zombie (Ossuary)
  2 worms
  5 dart slugs
  37 orcs
  2 ball pythons
  2 bats (D:2)
  4 endoplasms
  A giant cockroach (D:2)
  3 hobgoblins
  13 kobolds
  2 quokkas (D:4)
  5 frilled lizards
  5 goblins
  2 goblin zombies (Ossuary)
  7 hobgoblin zombies (Ossuary)
  12 kobold zombies (Ossuary)
  9 orc zombies (Ossuary)
  5 rats
  A rat zombie (Ossuary)
327 creatures vanquished.

Vanquished Creatures (others)
  14 fungi
  16 plants
30 creatures vanquished.

Grand Total: 357 creatures vanquished

Notes
Turn   | Place    | Note
-------+----------+-------------------------------------------
     0 | D:1      | CannotBeFrozen the Demigod Transmuter began the quest for
                  | the Orb.
     0 | D:1      | Reached XP level 1. HP: 15/15 MP: 5/5
   970 | D:2      | Reached XP level 2. HP: 6/22 MP: 4/7
  1382 | D:2      | Reached XP level 3. HP: 26/27 MP: 8/8
  1440 | D:2      | Learned a level 2 spell: Wereblood
  2322 | D:3      | Noticed Jessica
  2444 | D:2      | Killed Jessica
  2445 | D:2      | Reached XP level 4. HP: 28/34 MP: 6/9
  3387 | D:3      | Noticed Terence
  3772 | D:4      | Gained mutation: You are agile. (Dex +4, Str/Int -1)
                  | [potion of mutation]
  3773 | D:4      | Lost mutation: You are agile. (Dex +4, Str/Int -1) [potion
                  | of mutation]
  3773 | D:4      | Gained mutation: You are clumsy. (Dex -2) [potion of
                  | mutation]
  3773 | D:4      | Gained mutation: You possess an exceptional clarity of
                  | mind. [potion of mutation]
  4025 | D:4      | Found a sand-covered staircase.
  4030 | Ossuary  | Entered an ossuary
  4103 | Ossuary  | Reached XP level 5. HP: 39/39 MP: 7/10
  4213 | Ossuary  | Reached skill level 5 in Transmutations
  4213 | Ossuary  | Reached skill level 1 in Fighting
  4575 | Ossuary  | Reached XP level 6. HP: 39/50 MP: 9/11
  4710 | D:4      | Noticed Edmund
  4716 | D:4      | Killed Edmund
  5353 | D:4      | Reached XP level 7. HP: 50/57 MP: 9/12
  5362 | D:4      | Reached skill level 5 in Unarmed Combat
  5961 | D:5      | Entered Level 5 of the Dungeon
  6583 | D:5      | Got the Quarto of the Vitriolic Throng
  6671 | D:5      | Noticed Prince Ribbit
  6685 | D:5      | Killed Prince Ribbit
  6686 | D:5      | Reached skill level 5 in Fighting
  6686 | D:5      | Reached skill level 1 in Armour
  6686 | D:5      | Reached XP level 8. HP: 49/68 MP: 10/14
  6749 | D:5      | Noticed Sigmund
  6903 | D:3      | Killed Terence
  7039 | D:5      | Found a staircase to the Ecumenical Temple.
  8058 | D:5      | Killed Sigmund
  8160 | D:6      | Noticed Maggie
  8164 | D:6      | Upgraded the game from 0.29-a0-994-gc5c9f59d18 to
                  | 0.29-a0-995-g8a7feb118f
  8435 | D:6      | Upgraded the game from 0.29-a0-995-g8a7feb118f to
                  | 0.29-a0-998-g1987434951
  8490 | D:6      | Identified the +7 rapier of Floral Action {vorpal, rF- rN+
                  | Str+8}
  8669 | D:6      | Reached skill level 1 in Evocations
  8817 | D:6      | Killed Maggie
  8818 | D:6      | Reached XP level 9. HP: 25/75 MP: 13/15
  9200 | D:7      | Noticed Joseph
  9220 | D:7      | Killed Joseph
  9403 | D:7      | Learned a level 4 spell: Ice Form
  9558 | D:7      | Reached skill level 1 in Ice Magic
 10680 | D:8      | Reached XP level 10. HP: 84/84 MP: 14/19
 11071 | D:9      | Noticed a deep elf pyromancer
 11072 | D:9      | Noticed nmsoi's ghost (journeyman GnWn)
 11073 | D:9      | Found a transporter.
 11129 | D:9      | Found a transporter.
 11141 | D:9      | Reached skill level 5 in Spellcasting
 11210 | D:9      | Noticed Erolcha
 11225 | D:9      | Killed Erolcha
 11457 | D:9      | You fall into a shaft and drop 1 floor!
 11457 | D:10     | Entered Level 10 of the Dungeon
 11481 | D:9      | Found a staircase to the Lair.
 11715 | D:9      | Noticed Psyche
 11727 | D:9      | Noticed a two-headed ogre
 11735 | D:9      | Killed Psyche
 11740 | D:9      | Killed a two-headed ogre
 11741 | D:9      | Reached skill level 5 in Dodging
 12069 | D:9      | Found a staircase to the Orcish Mines.
 12363 | D:10     | Reached XP level 11. HP: 61/92 MP: 22/22
 12562 | D:10     | Noticed a centaur warrior
 12574 | D:10     | Killed a centaur warrior
 12773 | D:10     | Identified a scroll of acquirement
 12922 | D:10     | Found Luigryile's Jewellery Boutique.
 12937 | D:10     | Identified the +2 pair of gloves "Wieredi" {Str+2 Int+3}
 13202 | Lair:1   | Entered Level 1 of the Lair of Beasts
 14550 | Lair:2   | Found a hole to the Spider Nest.
 14968 | Lair:2   | Reached XP level 12. HP: 103/103 MP: 21/23
 15552 | Lair:3   | Found a staircase to the Swamp.
 15620 | Lair:3   | Noticed a seven-headed hydra
 15689 | Lair:3   | Noticed a five-headed hydra
 15700 | Lair:3   | Killed a five-headed hydra
 15912 | Lair:3   | Reached skill level 10 in Unarmed Combat
 15912 | Lair:3   | Reached skill level 10 in Transmutations
 16072 | Lair:3   | HP: 2/127 [yak (8)]
 16081 | Lair:3   | HP: 5/127 [death yak (17)]
 16084 | Lair:3   | Slain by a yak

Illustrated notes

Levels and vault maps discovered:
D:1:      matt_arrival_los_fun, layout_rooms, hellmonk_ecumenical_altar_run_dry,
          chequers_serial_rivers_small_b
D:2:      layout_loops_ring, basic_altar
D:3:      minmay_wonky_spiral, layout_loops_ring, nicolae_vehumet_altar_sigil,
          mainiacjoe_overflow_swirl, uniq_terence, uniq_jessica
D:4:      minmay_chambers_of_threes, layout_gridville, tso_altar,
          enter_ossuary_5, uniq_edmund
D:5:      layout_basic, nzn_wu_jian_council_hall,
          minmay_temple_entry_gardened_gates, amcnicky_mini_pool_medium,
          uniq_sigmund, uniq_prince_ribbit1
D:6:      layout_basic, uniq_maggie
D:7:      layout_gridville, uniq_joseph
D:8:      layout_gridville
D:9:      layout_roguey, dpeg_oklobed_lair, erik_orc_2, gammafunk_ghost_arena,
          uniq_erolcha, uniq_psyche
D:10:     layout_stronghold, serial_shops, kennysheep_mini_moat
Lair:1:   layout_small_grid, chequers_serial_rivers_room_b, minmay_holes,
          grunt_megastairs_1
Lair:2:   layout_regular_city, spider_nest_entry_a, serial_bayou,
          serial_bayou_lagoon_b, serial_bayou_ford_a, serial_bayou_shore_b,
          serial_bayou_lagoon_a, st_stairs_11, dreamdust_gnoll_shepherd
Lair:3:   layout_chaotic_city, swamp_mist

Skill      XL: |  1  2  3  4  5  6  7  8  9 10 11 12 |
---------------+-------------------------------------+-----
Unarmed Combat | 3 4 5 6 7 8 9 10 | 10.3
Transmutations | 2 3 4 5 6 8 9 10 | 10.0
Fighting       | 2 3 5 6 7 8 9 |  9.8
Armour         | 1 3 |  3.0
Dodging        | 2 3 4 5 7 8 |  8.4
Spellcasting   | 2 4 5 |  5.0
Evocations     | 3 4 |  4.0
Ice Magic      | 3 |  3.0

Action                   |  1- 3 |  4- 6 |  7- 9 | 10-12 || total
-------------------------+-------+-------+-------+-------++-------
Melee: Unarmed           |    89 |   180 |   408 |   468 ||  1145
       Kick              |    16 |    55 |   105 |     4 ||   180
       Headbutt          |    11 |    30 |    60 |     2 ||   103
       Punch             |       |     6 |     8 |       ||    14
Throw: Dart              |       |       |    22 |     5 ||    27
 Cast: Beastly Appendage |    21 |    23 |    44 |     2 ||    90
       Wereblood         |     2 |    11 |    25 |    18 ||    56
       Ice Form          |       |       |     3 |    38 ||    41
Evoke: Wand              |       |     5 |     3 |     3 ||    11
  Use: Potion            |       |     4 |     1 |     2 ||     7
       Scroll            |       |     9 |     5 |    11 ||    25
Armor: Ring mail         |    25 |    48 |    30 |       ||   103
       Robe              |     1 |       |       |       ||     1
       Skin              |       |     4 |     6 |   109 ||   119
       Steam dragon scal |       |       |    37 |       ||    37
       Acid dragon scale |       |       |       |     8 ||     8
Dodge: Dodged            |    49 |    82 |   308 |   340 ||   779

Table legend: (Time is in decaauts)
 A = Elapsed time spent in this place.
 B = Non-inter-level travel time spent in this place.
 C = Inter-level travel time spent in this place.
 D = Time resting spent in this place.
 E = Time spent auto-exploring this place.
 F = Levels seen in this place.
 G = Mean time per level.
                   A        B        C        D        E       F      G
               +--------+--------+--------+--------+--------+-----+--------+
         Total |  15973 |  15357 |    616 |   3050 |   8271 |  14 | 1140.9 |
       Dungeon |  12466 |  11917 |    549 |   2527 |   6368 |  10 | 1246.6 |
          Lair |   2846 |   2780 |     66 |    281 |   1767 |   3 |  948.7 |
       Ossuary |    659 |    659 |      0 |    242 |    135 |   1 |  659.0 |
               +--------+--------+--------+--------+--------+-----+--------+

Top non-repeatable levels by time:
     D:5: 1755 daAuts
     D:2: 1685 daAuts
     D:4: 1589 daAuts
     D:3: 1426 daAuts
     D:7: 1323 daAuts
  Lair:2: 1311 daAuts
     D:9: 1087 daAuts
  Lair:1: 1081 daAuts
    D:10: 1020 daAuts
     D:6: 919 daAuts
     D:1: 883 daAuts
     D:8: 776 daAuts
 Ossuary: 659 daAuts
  Lair:3: 453 daAuts
